 Seeded DCSS version 0.28-a0-1199-gef9e1dbd39 (webtiles) character file.

Game seed: 4018878354053487559 (custom seed)

655 croobank the Vandal (level 7, -1/51 HPs)
             Began as a Demonspawn Hunter on Dec 19, 2021.
             Was a Believer of Trog.
             Slain by a gnoll (6 damage)
             ... on level 5 of the Dungeon.
             The game lasted 00:25:29 (4651 turns).

croobank the Vandal (Demonspawn Hunter)             Turns: 4651, Time: 00:25:30

Health: -1/51      AC: 11    Str: 14    XL:     7   Next: 29%
Magic:  7/7        EV:  6    Int: 12    God:    Trog [**....]
Gold:   122        SH:  0    Dex: 14    Spells: 5/6 levels left

rFire   . . .      SeeInvis .   a - +0 war axe
rCold   . . .      Faith    .   (no shield)
rNeg    . . .      Spirit   .   m - +0 scale mail
rPois   .          Reflect  .   (no helmet)
rElec   .          Harm     .   g - +0 cloak
rCorr   .          Rampage  .   (no gloves)
Will    +++..                   (no boots)
Stlth   ++........              (no amulet)
HPRegen 1.17/turn               l - +4 ring of protection
MPRegen 0.20/turn               (no ring)

@: strong-willed, held, regenerating
A: magic regeneration, sturdy frame 2, deterioration 1, strong-willed 1
a: Renounce Religion, Berserk, Trog's Hand


You were on level 5 of the Dungeon.
You worshipped Trog.
Trog was pleased with you.
You visited 1 branch of the dungeon, and saw 5 of its levels.

You collected 122 gold pieces.

Inventory:

Hand Weapons
 a - a +0 war axe (weapon)
 b - the +5 hunting sling "Gegyrirghiq" {speed, rPois rN+ Str+2}
   (You found it on level 4 of the Dungeon)

   Attacks with this weapon are significantly faster.
   Str:       It affects your strength (+2).
   rPois:     It protects you from poison.
   rN:        It protects you from negative energy.
 c - the +12 arbalest of the Nine Lives {elec, rPois Dex-3 Stlth+}
   (You found it on level 5 of the Dungeon)

   Any ammunition fired from it occasionally discharges a powerful burst of
   electricity upon striking a foe.
   Dex:       It affects your dexterity (-3).
   rPois:     It protects you from poison.
   Stlth:     It makes you more stealthy.
 o - a +2 whip of freezing
Missiles
 d - 63 sling bullets
 f - 115 stones (quivered)
 i - 22 bolts
Armour
 g - a +0 cloak (worn)
 m - a +0 scale mail (worn)
Jewellery
 l - a +4 ring of protection (left hand)
Scrolls
 e - 4 scrolls of identify {identify, unknown}
 j - 4 scrolls of teleportation {teleport}
 n - a scroll of blinking {blink, unknown}
Potions
 h - 3 potions of curing {curing, unknown}
 k - 3 potions of brilliance {brilliance, unknown}


   Skills:
 - Level 2.3 Fighting
 - Level 3.0(3.2) Axes
 - Level 1.5(2.5) Maces & Flails
 - Level 6.3 Slings
 + Level 0.9 Crossbows
 - Level 2.1 Dodging
 - Level 3.0 Stealth


You had 5 spell levels left.
You knew the following spells:

 Your Spells              Type           Power      Damage    Failure   Level
a - Slow                  Hex            0%         N/A       50%         1

Your spell library contained the following spells:

 Spells                   Type           Power      Damage    Failure   Level
 Sting                    Tmut/Pois      0%         1d3       50%         1
 Blink                    Tloc           0%         N/A       63%         2
 Poisonous Vapours        Pois/Air       0%         N/A       63%         2
 Confusing Touch          Hex            0%         N/A       86%         3
 Stone Arrow              Conj/Erth      0%         3d7       86%         3
 Vampiric Draining        Necr           0%         2d6       86%         3
 Animate Armour           Summ/Erth      0%         N/A       99%         4
 Olgreb's Toxic Radiance  Pois           0%         N/A       99%         4
 Manifold Assault         Tloc           0%         N/A       100%        5
 Storm Form               Tmut/Air       0%         N/A       100%        7
 Lehudib's Crystal Spear  Conj/Erth      0%         10d2      100%        8


Dungeon Overview and Level Annotations

Branches:
Dungeon (5/15)             Temple (0/1) D:4

Altars:
Trog

Shops:
D:2 (


Innate Abilities, Weirdness & Mutations

You regenerate magic rapidly.
Your movements are less encumbered by armour. (ER -4)
Your body sometimes deteriorates upon taking damage.
You are strong-willed. (Will+)


Message History

You closely miss the gnoll. You hit the gnoll.
You hit the gnoll but do no damage. The gnoll closely misses you.
The gnoll sergeant misses you. The gnoll hits you with a +0 flail.
The gnoll misses you. The gnoll hits you with a +0 whip.
You hit the gnoll.
The gnoll is lightly wounded.
You hit the gnoll but do no damage. You closely miss the gnoll.
The gnoll closely misses you. The gnoll sergeant closely misses you.
The gnoll hits you but does no damage. The gnoll closely misses you.
The gnoll barely misses you. The gnoll hits you but does no damage.
The gnoll sergeant hits you but does no damage.
The gnoll barely misses you. The gnoll hits you with a +0 whip.
The gnoll hits you but does no damage.
You slash the gnoll!
The gnoll is almost dead.
You closely miss the gnoll. You barely miss the gnoll.
The gnoll hits you from afar with a +0 spear.
The gnoll sergeant completely misses you.
The gnoll closely misses you. x3
You hit the gnoll.
You kill the gnoll!
Trog accepts your kill.
You closely miss the gnoll. You hit the gnoll but do no damage.
The gnoll throws a throwing net.
The throwing net hits you.
You become entangled in the net!
The gnoll sergeant hits you from afar with a +0 trident!
The gnoll hits you with a +0 club. The gnoll closely misses you.
The gnoll hits you from afar with a +0 spear.
You struggle against the net.
The gnoll sergeant hits you but does no damage.
The gnoll hits you with a +0 club. The gnoll hits you with a +0 flail.
* * * LOW HITPOINT WARNING * * *
The gnoll hits you from afar with a +0 spear.
* * * LOW HITPOINT WARNING * * *
Your skin crawls.
You feel strong-willed.
The gnoll sergeant hits you from afar with a +0 trident!
* * * LOW HITPOINT WARNING * * *
The gnoll hits you with a +0 club.
You die...

............##.#####
...................#
........†...######.##
............######..#
..........≈≈≈≈≈≈≈≈≈.#
..........≈##≈≈≈##≈.#
..........≈#######≈.#
##########≈≈#..g#≈≈.#
#≈≈#?g)@...#
#≈≈#.gg#≈≈## ######≈#
#≈# ≈≈# ###


You could see a gnoll sergeant and 3 gnolls.

Vanquished Creatures
  2 orc warriors (D:4)
  An ice beast (D:4)
  A sky beast (D:5)
  A hound (D:5)
  An orc priest (D:4)
  Terence (D:2)
  Natasha (D:3)
  An orc wizard (D:4)
  A hound skeleton (D:5)
  Robin (D:2)
  4 adders
  A gnoll (D:5)
  An ufetubus (D:4)
  A worm (D:3)
  7 orcs (D:4)
  5 endoplasms
  3 giant cockroaches
  11 goblins
  3 hobgoblins
  6 kobolds
  6 quokkas
  2 ball pythons
  6 bats
  3 rats (D:1)
70 creatures vanquished.

Notes
Turn   | Place    | Note
-------+----------+-------------------------------------------
     0 | D:1      | croobank the Demonspawn Hunter began the quest for the Orb.
     0 | D:1      | Reached XP level 1. HP: 16/16 MP: 1/1
    31 | D:1      | Reached skill level 1 in Stealth
   159 | D:1      | Gained mutation: You regenerate magic rapidly. [demonic
                  | ancestry]
   159 | D:1      | Reached XP level 2. HP: 15/22 MP: 2/2
   485 | D:1      | Learned a level 1 spell: Slow
   835 | D:2      | Found a faded altar of an unknown god.
   844 | D:2      | Prayed at the altar of an unknown god.
   844 | D:2      | Became a worshipper of Trog the Wrathful
   844 | D:2      | Reached * piety under Trog
   905 | D:2      | Found Ungyky's Weapon Shop.
  1107 | D:2      | Reached XP level 3. HP: 28/28 MP: 3/3
  1306 | D:2      | Gained mutation: Your body sometimes deteriorates upon
                  | taking damage. [potion of mutation]
  1306 | D:2      | Gained mutation: You are strong-willed. (Will+) [potion of
                  | mutation]
  1353 | D:2      | Noticed Terence
  1366 | D:2      | Killed Terence
  1450 | D:2      | Noticed Robin
  1778 | D:2      | Killed Robin
  1779 | D:2      | Reached XP level 4. HP: 34/34 MP: 4/4
  1786 | D:2      | Reached skill level 1 in Maces & Flails
  2889 | D:3      | Noticed Natasha
  2896 | D:3      | Reached skill level 4 in Slings
  2908 | D:3      | Killed Natasha
  3154 | D:4      | Identified the +5 hunting sling "Gegyrirghiq" {speed, rPois
                  | rN+ Str+2}
  3199 | D:4      | Reached ** piety under Trog
  3200 | D:4      | Gained mutation: Your movements are slightly less
                  | encumbered by armour. (ER -2) [demonic ancestry]
  3200 | D:4      | Reached XP level 5. HP: 27/39 MP: 5/5
  3353 | D:4      | Noticed an orc warrior
  3373 | D:4      | Killed an orc warrior
  3374 | D:4      | Reached skill level 5 in Slings
  3477 | D:4      | Found a staircase to the Ecumenical Temple.
  3477 | D:4      | Noticed an ice beast
  3492 | D:4      | Killed an ice beast
  3493 | D:4      | Reached skill level 1 in Axes
  3493 | D:4      | Gained mutation: Your movements are less encumbered by
                  | armour. (ER -4) [demonic ancestry]
  3493 | D:4      | Reached XP level 6. HP: 16/45 MP: 6/6
  3963 | D:4      | Noticed an orc warrior
  3985 | D:4      | Killed an orc warrior
  3990 | D:4      | Reached skill level 6 in Slings
  4426 | D:5      | Entered Level 5 of the Dungeon
  4452 | D:5      | Reached XP level 7. HP: 51/51 MP: 7/7
  4519 | D:5      | Identified the +12 arbalest of the Nine Lives {elec, rPois
                  | Dex-3 Stlth+}
  4651 | D:5      | Slain by a gnoll

Illustrated notes

Levels and vault maps discovered:
D:1:      psy_arrival_conway, layout_rooms
D:2:      layout_loops_cross, dreamdust_ecumenical_altar_statues, serial_shops,
          shop, corexii_corridor_pit, uniq_robin, uniq_terence
D:3:      layout_loops_ring, roderic_serpentine_path, uniq_natasha
D:4:      layout_loops_ring, minmay_temple_entry_hall, kennysheep_generic_room_5
D:5:      layout_basic, serial_curves, eino_curves_04, eino_curves_03,
          lightli_minifort

Skill      XL: |  1  2  3  4  5  6  7 |
---------------+----------------------+-----
Stealth        | 1 2 3 |  3.0
Dodging        | 2 |  2.1
Maces & Flails | 1 |  1.5
Slings         | 4 5 6 |  6.3
Axes           | 1 2 3 |  3.0
Fighting       | |  2.3
Crossbows      | |  0.9

Action                   |  1- 3 |  4- 6 |  7- 9 || total
-------------------------+-------+-------+-------++-------
Melee: Short sword       |   115 |       |       ||   115
       Whip              |     5 |    90 |       ||    95
       War axe           |       |    47 |    13 ||    60
 Fire: Hunting sling     |    15 |    34 |     9 ||    58
Throw: Stone             |     2 |     3 |       ||     5
Invok: Berserk           |     2 |     2 |       ||     4
       Trog's Hand       |       |       |     1 ||     1
  Use: Scroll            |     2 |       |       ||     2
       Potion            |     1 |       |       ||     1
 Stab: Sleeping          |     2 |       |     1 ||     3
Armor: Leather armour    |    76 |    17 |       ||    93
       Scale mail        |       |    40 |    15 ||    55
Dodge: Dodged            |   102 |    81 |    17 ||   200

Table legend: (Time is in decaauts)
 A = Elapsed time spent in this place.
 B = Non-inter-level travel time spent in this place.
 C = Inter-level travel time spent in this place.
 D = Time resting spent in this place.
 E = Time spent auto-exploring this place.
 F = Levels seen in this place.
 G = Mean time per level.
                   A        B        C        D        E       F      G
               +--------+--------+--------+--------+--------+-----+--------+
         Total |   4687 |   4592 |     95 |   1030 |   2519 |   5 |  937.4 |
       Dungeon |   4687 |   4592 |     95 |   1030 |   2519 |   5 |  937.4 |
               +--------+--------+--------+--------+--------+-----+--------+

Top non-repeatable levels by time:
     D:2: 1328 daAuts
     D:4: 1313 daAuts
     D:3: 1008 daAuts
     D:1: 814 daAuts
     D:5: 222 daAuts
